 Dungeon Crawl Stone Soup version 0.29-a0-553-g81b289dbe5 (webtiles) character file.

Game seed: 18367533186137501141

2505 Heretekdanicus the Protected (level 9, -9/79 HPs)
             Began as a Minotaur Fighter on June 6, 2022.
             Was a Priest of Lugonu.
             Mangled by a tengu conjurer
             ... wielding a staff of poison
              (10 damage)
             ... on level 9 of the Dungeon.
             The game lasted 00:20:29 (5876 turns).

Heretekdanicus the Protected (Minotaur Fighter)     Turns: 5876, Time: 00:20:32

Health: -9/79      AC: 11    Str: 25    XL:     9   Next: 28%
Magic:  8/8        EV: 11    Int:  5    God:    Lugonu [***...]
Gold:   287        SH:  5    Dex: 10    Spells: 8/8 levels left

rFire   . . .      SeeInvis .   a - +0 war axe
rCold   . . .      Faith    .   c - +0 buckler
rNeg    . . .      Spirit   .   b - +0 scale mail
rPois   .          Reflect  .   (helmet restricted)
rElec   .          Harm     .   w - scarf {repulsion}
rCorr   .          Rampage  .   A - +0 pair of gloves
Will    .....                   f - +0 pair of boots
Stlth   ..........              C - amulet of the acrobat
HPRegen 0.23/turn               h - ring of flight
MPRegen 0.11/turn               (no ring)

@: lethally poisoned (-9 -> -10), flying, repel missiles
A: horns 2, retaliatory headbutt
a: Renounce Religion, Depart the Abyss, Bend Space, Banish


You were on level 9 of the Dungeon.
You worshipped Lugonu.
Lugonu was most pleased with you.
You visited 1 branch of the dungeon, and saw 9 of its levels.

You collected 287 gold pieces.

Inventory:

Hand Weapons
 a - a +0 war axe (weapon)
 e - a +0 short sword
 g - a +0 dagger
Missiles
 j - 169 stones (quivered)
Armour
 b - a +0 scale mail (worn)
 c - a +0 buckler (worn)
 f - a +0 pair of boots (worn)
 m - a +0 helmet
 w - a scarf of repulsion (worn)
 A - a +0 pair of gloves (worn)
Jewellery
 h - a ring of flight (left hand)
 r - a ring of flight
 s - an amulet of guardian spirit
 u - an amulet of the acrobat
 C - an amulet of the acrobat (around neck)
Scrolls
 i - a scroll of enchant armour {unknown}
 l - a scroll of teleportation {unknown}
 n - 2 scrolls of fog
 q - 2 scrolls of poison {unknown}
 t - a scroll of noise {unknown}
 x - a scroll of amnesia {unknown}
 y - a scroll of blinking {unknown}
 z - 2 scrolls of vulnerability {unknown}
 D - 3 scrolls of fear {unknown}
Potions
 k - a potion of cancellation
 o - 2 potions of attraction
 p - a potion of degeneration
 v - 2 potions of flight


   Skills:
 + Level 7.4 Fighting
 + Level 8.8 Axes
 + Level 9.4 Armour
 + Level 3.6 Dodging
 + Level 0.3 Stealth
 + Level 5.6 Shields
 + Level 0.1 Invocations


You had 8 spell levels left.
You didn't know any spells.
Your spell library contained the following spells:

 Spells                   Type           Power      Damage    Failure   Level
 Sandblast                Erth           0%         2d4       80%         1
 Ensorcelled Hibernation  Hex/Ice        0%         N/A       91%         2
 Passwall                 Tmut/Erth      0%         N/A       91%         2
 Gell's Gravitas          Tloc           0%         N/A       99%         3
 Lesser Beckoning         Tloc           0%         N/A       99%         3
 Stone Arrow              Conj/Erth      0%         3d7       99%         3
 Swiftness                Air            0%         N/A       99%         3
 Teleport Other           Tloc           0%         N/A       99%         3
 Passage of Golubria      Tloc           0%         N/A       100%        4
 Silence                  Hex/Air        0%         N/A       100%        5
 Lehudib's Crystal Spear  Conj/Erth      0%         10d2      100%        8


Dungeon Overview and Level Annotations

Branches:
Dungeon (9/15)             Temple (0/1) D:5
   Lair: D:8-11         Orc: D:9-12

Altars:
Vehumet
The Shining One
Lugonu

Shops:
D:7 *

Portals:
Bailey: D:8


Innate Abilities, Weirdness & Mutations

You have a pair of horns on your head.
You reflexively headbutt those who attack you in melee.


Message History

You kill the orc warrior!
Lugonu accepts your kill.
There is an open door, spattered with blood here.
Things that are here:
a +0 long sword; a +0 chain mail; a +0 shortbow
Things that are here:
a +0 shortbow; a centaur corpse A tengu conjurer comes into view.
It is wielding a staff of poison.
Found a lumpy black potion.
The tengu conjurer shouts!
You block the tengu conjurer's attack. The tengu conjurer misses you.
The tengu conjurer closely misses you.
You miss the tengu conjurer.
The tengu conjurer mumbles some strange words.
The tengu conjurer hits you with a staff of poison.
The tengu conjurer envenoms you!
* * * LOW HITPOINT WARNING * * *
You are poisoned.
The tengu conjurer pecks you but does no damage.
The tengu conjurer claws you.
* * * LOW HITPOINT WARNING * * *
You closely miss the tengu conjurer. You headbutt the tengu conjurer!
The tengu conjurer is moderately wounded.
You feel yourself speed up.
You feel sick.
You are no longer poisoned.
A battlesphere comes into view.
The tengu conjurer hits you with a staff of poison.
* * * LOW HITPOINT WARNING * * *
The tengu conjurer envenoms you.
* * * LOW HITPOINT WARNING * * *
You are poisoned.
The tengu conjurer closely misses you. x2
You hit the tengu conjurer.
The tengu conjurer is moderately wounded.
You feel sick.
The tengu conjurer hits you with a staff of poison!
* * * LOW HITPOINT WARNING * * *
The tengu conjurer envenoms you!
You die...

..## .... #...
#..#####
#..##..
#..##.###
#..##.#$#.##
#.)#..@Q...#
#..))##*..##
#..#.# ......#
#..#.# .#!#.##
#..#.. .### #
.######..####..
.........#####+
#####+####
..#####........
#.#.#..#..
...............
#...#..#.#


You could see a tengu conjurer and a battlesphere (distracted).

Vanquished Creatures
  Grinder (D:3)
  A wraith (D:9)
  A shadow (D:9)
  2 yaks
  A water moccasin (D:7)
  A sky beast (D:6)
  An orc warrior (D:9)
  5 centaurs
  A kobold brigand (D:7)
  2 bullfrogs
  5 wights (D:7)
  3 howler monkeys
  6 hounds
  7 iguanas
  An orc wizard (D:3)
  A gnoll (D:9)
  2 adders
  A white imp (D:6)
  2 dart slugs
  10 orcs
  3 endoplasms
  2 giant cockroaches
  5 goblins
  6 hobgoblins
  2 quokkas (D:1)
  4 ball pythons
  3 bats
  A frilled lizard (D:1)
  2 kobolds
  2 rats (D:2)
84 creatures vanquished.

Vanquished Creatures (others)
  3 plants (D:1)
3 creatures vanquished.

Grand Total: 87 creatures vanquished

Notes
Turn   | Place    | Note
-------+----------+-------------------------------------------
     0 | D:1      | Heretekdanicus the Minotaur Fighter began the quest for the
                  | Orb.
     0 | D:1      | Reached XP level 1. HP: 19/19 MP: 0/0
   576 | D:1      | Reached XP level 2. HP: 24/27 MP: 1/1
   813 | D:1      | Reached skill level 1 in Dodging
   979 | D:2      | Reached skill level 4 in Armour
   979 | D:2      | Reached XP level 3. HP: 20/33 MP: 2/2
  1219 | D:2      | Found a faded altar of an unknown god.
  1342 | D:2      | Prayed at the altar of an unknown god.
  1342 | D:2      | Became a worshipper of Lugonu the Unformed
  1342 | D:2      | Reached * piety under Lugonu
  1342 | D:2      | Reached ** piety under Lugonu
  1572 | D:3      | Found a radiant altar of Vehumet.
  1616 | D:3      | Reached XP level 4. HP: 40/40 MP: 3/3
  1675 | D:3      | Noticed Grinder
  1678 | D:3      | Paralysed by Grinder for 5 turns
  1694 | D:3      | Paralysed by Grinder for 3 turns
  1698 | D:3      | Killed Grinder
  1699 | D:3      | Reached skill level 5 in Fighting
  1699 | D:3      | Reached XP level 5. HP: 12/48 MP: 4/4
  1699 | D:3      | Reached XP level 6. HP: 14/56 MP: 5/5
  1970 | D:3      | You are sucked into a shaft and drop 1 floor!
  2199 | D:4      | Reached skill level 5 in Axes
  2357 | D:4      | Reached skill level 5 in Armour
  2390 | D:5      | Entered Level 5 of the Dungeon
  2390 | D:5      | Found a staircase to the Ecumenical Temple.
  2511 | D:5      | Reached XP level 7. HP: 18/62 MP: 6/6
  2545 | D:5      | Found a glowing golden altar of the Shining One.
  2927 | D:6      | Reached skill level 6 in Armour
  2927 | D:6      | Reached skill level 5 in Shields
  3741 | D:7      | Found Saliw's Elemental Accessories.
  3809 | D:7      | Reached XP level 8. HP: 29/71 MP: 3/7
  4055 | D:7      | Reached skill level 7 in Armour
  5456 | D:8      | Found a flagged portal.
  5487 | D:8      | Reached skill level 8 in Armour
  5501 | D:9      | Reached *** piety under Lugonu
  5843 | D:9      | Reached skill level 9 in Armour
  5843 | D:9      | Reached XP level 9. HP: 70/79 MP: 8/8
  5872 | D:9      | Noticed a tengu conjurer
  5876 | D:9      | HP: 1/79 [tengu conjurer/staff of poison (8)]
  5876 | D:9      | Mangled by a tengu conjurer

Illustrated notes

Levels and vault maps discovered:
D:1:      dpeg_arrival_orchard, layout_basic
D:2:      layout_basic, ebering_ecumenical_altar_abandoned,
          amcnicky_mini_pool_small
D:3:      layout_basic, overflow_temple_1_default,
          eat_drink_and_be_merry_uskayaw, grunt_ministairs_1,
          kennysheep_generic_room_3, uniq_sigmund, uniq_grinder
D:4:      layout_cave_pods, saegor_snake_ambush
D:5:      layout_basic, mainiacjoe_overflow_surrounded_room,
          minmay_temple_entry_statues_pillars, minmay_misc_feat_alley
D:6:      layout_rooms
D:7:      layout_basic, nicolae_elemental_shop, st_stairs_7,
          guppyfry_early_elven_hall
D:8:      layout_rooms, enter_bailey_2
D:9:      minmay_the_grid_plus [minmay_the_grid_paths, minmay_the_grid_embedded,
          minmay_the_grid_spikes, minmay_the_grid_small_cups,
          minmay_the_grid_prize_trominoes], layout_basic,
          mainiacjoe_overflow_concentric_impassable, kennysheep_small_spiral,
          kennysheep_generic_room_10

Skill      XL: |  1  2  3  4  5  6  7  8 |
---------------+-------------------------+-----
Fighting       | 4 5 6 7 |  7.4
Dodging        | 1 2 3 |  3.6
Armour         | 4 5 6 9 |  9.4
Shields        | 4 5 |  5.6
Axes           | 3 4 5 6 8 |  8.8
Stealth        | |  0.3
Invocations    | |  0.1

Action                   |  1- 3 |  4- 6 |  7- 9 || total
-------------------------+-------+-------+-------++-------
Melee: War axe           |    66 |    52 |   153 ||   271
       Headbutt          |     7 |     7 |    19 ||    33
Throw: Stone             |     1 |       |       ||     1
Invok: Bend Space        |       |     1 |       ||     1
  Use: Potion            |     2 |     3 |     4 ||     9
       Scroll            |     2 |     6 |     1 ||     9
Armor: Scale mail        |    24 |    31 |    76 ||   131
Dodge: Dodged            |    35 |    34 |   105 ||   174
Block: Buckler           |    18 |    11 |    47 ||    76

Table legend: (Time is in decaauts)
 A = Elapsed time spent in this place.
 B = Non-inter-level travel time spent in this place.
 C = Inter-level travel time spent in this place.
 D = Time resting spent in this place.
 E = Time spent auto-exploring this place.
 F = Levels seen in this place.
 G = Mean time per level.
                   A        B        C        D        E       F      G
               +--------+--------+--------+--------+--------+-----+--------+
         Total |   5955 |   5955 |      0 |   2637 |    266 |   9 |  661.7 |
       Dungeon |   5955 |   5955 |      0 |   2637 |    266 |   9 |  661.7 |
               +--------+--------+--------+--------+--------+-----+--------+

Top non-repeatable levels by time:
     D:7: 1757 daAuts
     D:1: 971 daAuts
     D:6: 896 daAuts
     D:2: 604 daAuts
     D:5: 436 daAuts
     D:3: 428 daAuts
     D:4: 424 daAuts
     D:9: 394 daAuts
     D:8: 41 daAuts
